 Dungeon Crawl Stone Soup version 0.31-a0-236-g9a0961fb85 (webtiles) character file.

Game seed: 3641212555281356279

231 ketsa the Grave Robber (level 6, -7/41 HPs)
             Began as a Human Necromancer on July 10, 2023.
             Mangled by an ogre
             ... wielding a +0 giant club
              (19 damage)
             ... on level 3 of the Dungeon.
             The game lasted 00:09:51 (2497 turns).

ketsa the Grave Robber (Human Necromancer)          Turns: 2497, Time: 00:09:51

Health: -7/41      AC:  3    Str:  8    XL:     6   Next: 24%
Magic:  9/11       EV: 12    Int: 17    God:
Gold:   145        SH:  0    Dex: 14    Spells: 3/11 levels left

rFire   . . .        l - +8 trident of the Octopus King {venom, rElec rPois}
rCold   . . .        (no shield)
rNeg    . . .        q - +0 robe
rPois   +            (no helmet)
rElec   +            s - +0 cloak
rCorr   .            (no gloves)
SInv    .            (no boots)
Will    .....        (no amulet)
Stlth   ++           r - ring of wizardry
HPRegen 0.26/turn    (no ring)
MPRegen 0.12/turn

%: wizardry (x1)
@: no status effects
A: no striking features
a: no special abilities


You were on level 3 of the Dungeon.
You visited 1 branch of the dungeon, and saw 3 of its levels.

You collected 145 gold pieces.

Inventory:

Hand Weapons
 f - a +0 dagger
 i - a +0 dagger of venom
 l - the +8 trident of the Octopus King (weapon) {venom, rElec rPois}
   (You found it on level 2 of the Dungeon)

   rElec:     It insulates you from electricity.
   rPois:     It protects you from poison.
 v - the +3 mace "Diodin" {freeze, *Corrode rElec rF- Dex+5}
   (You found it on level 3 of the Dungeon)

   Dex:       It affects your dexterity (+5).
   rF:        It makes you vulnerable to fire.
   rElec:     It insulates you from electricity.
   *Corrode:  It may corrode you when you take damage.
 w - a +1 vampiric short sword
Missiles
 g - 34 stones
 u - a poisoned dart (quivered)
Armour
 a - a +0 robe
 j - a +0 robe
 q - a +0 robe (worn)
 s - a +0 cloak (worn)
 t - a +0 buckler
Jewellery
 r - a ring of wizardry (left hand)
Wands
 n - a wand of quicksilver (10)
Scrolls
 c - 2 scrolls of identify
 d - a scroll of vulnerability {unknown}
 e - 4 scrolls of revelation
 h - 2 scrolls of silence {unknown}
 o - a scroll of blinking {unknown}
 p - a scroll of noise {unknown}
Potions
 b - a potion of magic
 k - 2 potions of attraction
 m - 2 potions of berserk rage


   Skills:
 + Level 1.7 Polearms
 - Level 2.0 Dodging
 - Level 2.0 Stealth
 + Level 3.4 Spellcasting
 * Level 5.9 Necromancy


You had 3 spell levels left.
You knew the following spells:

 Your Spells              Type           Power      Damage    Failure   Level
a - Necrotise             Necr           92%        1d8       1%          1
b - Vampiric Draining     Necr           23%        2d7       1%          3
c - Animate Dead          Necr           23%        N/A       6%          4

Your spell library contained the following spells:

 Spells                   Type           Power      Damage    Failure   Level
 Volatile Blastmotes      Fire/Tloc      4%         2d10      21%         3
 Agony                    Necr           23%        N/A       16%         5
 Fulminant Prism          Conj/Hex       1%         3d5       52%         4
 Iskenderun's Mystic Bla  Conj/Tloc      2%         2d3       52%         4
 Lee's Rapid Deconstruct  Erth           1%         3d4*      86%         5


Dungeon Overview and Level Annotations

Branches:
Dungeon (3/15)

Altars:
Qazlal


Message History

Press: ? - help, Q - select action, (/) - cycle Shift-Dir - straight line, f/p - ogre
Aim: an ogre, wielding a +0 giant club (lightly wounded, poisoned, 73% to hit)
You throw a poisoned dart. The poisoned dart hits the ogre.
The ogre looks even sicker.
The ogre is lightly wounded.
Throw: 3 darts (poison)
Press: ? - help, Q - select action, (/) - cycle Shift-Dir - straight line, f/p - ogre
Aim: an ogre, wielding a +0 giant club (lightly wounded, poisoned, 73% to hit)
You throw a poisoned dart. The poisoned dart hits the ogre.
The ogre is lightly wounded.
Throw: 2 darts (poison)
Press: ? - help, Q - select action, (/) - cycle Shift-Dir - straight line, f/p - ogre
Aim: an ogre, wielding a +0 giant club (lightly wounded, poisoned, 73% to hit)
You throw a poisoned dart. The poisoned dart hits the ogre.
The ogre looks even sicker.
The ogre is lightly wounded.
Casting: Necrotise (safe; 1% risk of failure)
Confirm with . or Enter, or press ? or * to list all spells.
Aiming: Necrotise (safe; 1% risk of failure)
Press: ? - help, Shift-Dir - straight line, f/p - ogre
Aim: an ogre, wielding a +0 giant club (moderately wounded, very poisoned, chance to affect: 81%)
The ogre writhes in agony.
You closely miss the ogre.
The ogre is heavily wounded.
The ogre barely misses you.
You hit the ogre.
The ogre looks as sick as possible!
The ogre is heavily wounded.
You closely miss the ogre.
The ogre is severely wounded.
The ogre hits you with a +0 giant club!!
Ouch! That really hurt!
* * * LOW HITPOINT WARNING * * *
Casting: Necrotise (safe; 1% risk of failure)
Confirm with . or Enter, or press ? or * to list all spells.
Aiming: Necrotise (safe; 1% risk of failure)
Press: ? - help, Shift-Dir - straight line, f/p - ogre
Aim: an ogre, wielding a +0 giant club (almost dead, extremely poisoned, chance to affect: 81%)
The ogre writhes in agony.
The ogre hits you with a +0 giant club!!
You die...

#)..###... #########
#.##.##... #.......#
#.###.#.#. #.......##
#.....#..#. #........#
#..##.##.## #........###
#..##.##... #..........#
##...(.(....
#.......##.###...#.. ###.
##.......@O.((..#.#..## #.
#...#.##.##.###...#....##.
#.#...##........###.#.....
#...#...........# ......
##............)... #. #..
#.######........# #..#..
#.######.......... #..#..
#......#.......#.#.#..#.#
#.####.#....>..#.#.#.....


You could see an ogre (extremely poisoned).

Vanquished Creatures
  A sky beast (D:3)
  Ijyb (D:3)
  6 adders
  A dart slug (D:2)
  3 orcs (D:3)
  6 endoplasms
  2 giant cockroaches (D:1)
  5 goblins
  2 hobgoblins
  2 jackals (D:1)
  3 quokkas
  6 ball pythons
  2 bats (D:1)
  A frilled lizard (D:1)
  7 kobolds
  3 rats
51 creatures vanquished.

Vanquished Creatures (collateral kills)
  An endoplasm (D:2)
  A bat (D:1)
  A rat (D:2)
3 creatures vanquished.

Vanquished Creatures (others)
  An endoplasm zombie (D:3)
  An orc zombie (D:3)
  A rat zombie (D:3)
3 creatures vanquished.

Grand Total: 57 creatures vanquished

Notes
Turn   | Place    | Note
-------+----------+-------------------------------------------
     0 | D:1      | ketsa the Human Necromancer began the quest for the Orb.
     0 | D:1      | Reached XP level 1. HP: 13/13 MP: 3/3
    37 | D:1      | Found a faded altar of an unknown god.
   241 | D:1      | Reached XP level 2. HP: 19/19 MP: 1/5
   651 | D:1      | Reached XP level 3. HP: 24/24 MP: 4/6
   912 | D:1      | Learned a level 3 spell: Vampiric Draining
  1109 | D:2      | Reached XP level 4. HP: 30/30 MP: 2/8
  1450 | D:2      | Reached skill level 5 in Necromancy
  1651 | D:2      | Found the +8 trident of the Octopus King {venom, rElec
                  | rPois}
  1757 | D:3      | Noticed Ijyb
  1763 | D:3      | Killed Ijyb
  1838 | D:3      | Reached XP level 5. HP: 33/35 MP: 9/9
  1864 | D:3      | Noticed an ogre
  1903 | D:3      | Learned a level 4 spell: Animate Dead
  2049 | D:3      | Reached skill level 1 in Polearms
  2208 | D:3      | Noticed a sky beast
  2213 | D:3      | Found a stormy altar of Qazlal.
  2226 | D:3      | Killed a sky beast
  2227 | D:3      | Reached XP level 6. HP: 31/41 MP: 7/11
  2439 | D:3      | Identified the +3 mace "Diodin" {freeze, *Corrode rElec rF-
                  | Dex+5}
  2497 | D:3      | Mangled by an ogre

Illustrated notes

Levels and vault maps discovered:
D:1:      amcnicky_arrival_blooded_trapdoor, layout_basic,
          chequers_ecumenical_altar_simple_redux
D:2:      layout_basic
D:3:      layout_loops_cross, nicolae_qazlal_beasts_of_the_sky, uniq_ijyb

Skill      XL: |  1  2  3  4  5 |
---------------+----------------+-----
Necromancy     | 5 |  5.9
Spellcasting   | 3 |  3.4
Polearms       | 1 |  1.7
Dodging        | |  2.0
Stealth        | |  2.0

Action                     |  1- 3 |  4- 6 || total
---------------------------+-------+-------++-------
  Melee: Unarmed           |    16 |       ||    16
         Dagger            |    14 |       ||    14
         Trident           |       |    46 ||    46
         Punch             |       |     1 ||     1
  Throw: Dart              |       |     4 ||     4
   Cast: Necrotise         |    42 |    18 ||    60
         Animate Dead      |       |     1 ||     1
    Use: Scroll            |       |     3 ||     3
   Stab: Sleeping          |       |     4 ||     4
 Armour: Robe              |    14 |     5 ||    19
  Dodge: Dodged            |    54 |    26 ||    80

Table legend: (Time is in decaauts)
 A = Elapsed time spent in this place.
 B = Non-inter-level travel time spent in this place.
 C = Inter-level travel time spent in this place.
 D = Time resting spent in this place.
 E = Time spent auto-exploring this place.
 F = Levels seen in this place.
 G = Mean time per level.
                   A        B        C        D        E       F      G
               +--------+--------+--------+--------+--------+-----+--------+
         Total |   2505 |   2443 |     62 |    305 |   1416 |   3 |  835.0 |
       Dungeon |   2505 |   2443 |     62 |    305 |   1416 |   3 |  835.0 |
               +--------+--------+--------+--------+--------+-----+--------+

Top non-repeatable levels by time:
     D:1: 950 daAuts
     D:2: 804 daAuts
     D:3: 750 daAuts
